 Dungeon Crawl Stone Soup version 0.26.0-90-g5fd8617961 (webtiles) character file.

Game seed: 13610489762520194754

23 snek11 the Skirmisher (level 2, 27/27 HPs)
             Began as a Minotaur Berserker on Feb 3, 2021.
             Was a Follower of Trog.
             Tarried too long and was consumed by Zot
             ... on level 1 of the Dungeon.
             The game lasted 00:04:42 (5997 turns).

snek11 the Skirmisher (Minotaur Berserker)          Turns: 5997, Time: 00:04:42

Health: 27/27      AC:  2    Str: 21    XL:     2   Next: 75%
Magic:  1/1        EV: 12    Int:  4    God:    Trog [*.....]
Gold:   44         SH:  0    Dex:  9    Spells: 1/1 levels left

rFire    . . .     SeeInvis .   a - +0 hand axe
rCold    . . .     Faith    .   (no shield)
rNeg     . . .     Spirit   .   b - +0 animal skin
rPois    .         Reflect  .   (helmet restricted)
rElec    .         Harm     .   (no cloak)
rCorr    .         Rampage  .   (no gloves)
Will     .....                  (no boots)
Stlth    +.........             (no amulet)
HPRegen  0.09/turn              (no ring)
MPRegen  0.07/turn              (no ring)

@: bezotted
A: retaliatory headbutt, horns 2
a: Renounce Religion, Berserk


You were on level 1 of the Dungeon.
You worshipped Trog.
Trog was aware of your devotion.
You visited 1 branch of the dungeon, and saw 1 of its levels.

You collected 44 gold pieces.

Inventory:

Hand Weapons
 a - a +0 hand axe (weapon)
Armour
 b - a +0 animal skin (worn)
Scrolls
 e - a scroll of teleportation {unknown}
 f - a scroll of identify {unknown}
Potions
 c - a potion of curing {unknown}
 d - a potion of lignification {unknown}
 g - 2 potions of attraction {unknown}


   Skills:
 + Level 4.2 Fighting
 + Level 4.2 Axes
 + Level 2.5 Armour
 + Level 2.3 Dodging


You had one spell level left.
You didn't know any spells.
Your spell library was empty.

Dungeon Overview and Level Annotations

Branches:
Dungeon (1/15)

Altars:


Innate Abilities, Weirdness & Mutations

You reflexively headbutt those who attack you in melee.
You have a pair of horns on your head.


Message History

Play time: 00:04:13 (5499 turns).
Zot will find you in 498 turns if you stay in this branch and explore no new floors.
There is an open door here.
There is an open door here.
There is an open door here.
There is an open door here.
There is an open door here.
There is an open door here.
There is an open door here.
There is an open door here.
There is an open door here.
There is an open door here.
Zot has nearly found you.
Death is approaching.
Descend or flee this branch!
You are a level 2 Minotaur Berserker.
You are 75% of the way to level 3.
Play time: 00:04:36 (5902 turns).
Zot will find you in 95 turns if you stay in this branch and explore no new floors.
There is an open door here.
There is an open door here.
Zot has found you!
You die...

..#####..........# #.#...........
........#####.##.###.#.##.####.#.
#######.# #........#.##.# #.##
#.# #.##.#####.##.# #... #.#
#.##.# #.##.####.## #.#####.##.#
#.#.......## #.#.....##.#
#.#..####.## #.#.######.# #.#..#
#... #.#.# #@# #.#..####### #.#.#
#.# ##.#......... #.#.# #.#
#..#.........
##.#.######.####.##..######.
#..................).######.
#.##.###########.....[......
#.##.# #..#.######## #.##.#
#..#.###### ##.##.# #..#.##...###


There were no monsters in sight!

Vanquished Creatures
  A leopard gecko (D:1)
  3 bats (D:1)
  2 goblins (D:1)
  3 hobgoblins (D:1)
  5 kobolds (D:1)
  A ball python (D:1)
  3 frilled lizards (D:1)
  4 rats (D:1)
22 creatures vanquished.

Notes
Turn   | Place    | Note
-------+----------+-------------------------------------------
     0 | D:1      | snek11 the Minotaur Berserker began the quest for the Orb.
     0 | D:1      | Reached XP level 1. HP: 19/19 MP: 0/0
   166 | D:1      | Reached XP level 2. HP: 20/27 MP: 1/1
  4997 | D:1      | Glimpsed the power of Zot.
  5497 | D:1      | Glimpsed the power of Zot.
  5897 | D:1      | Glimpsed the power of Zot.
  5996 | D:1      | Glimpsed the power of Zot.
  5997 | D:1      | Tarried too long and was consumed by Zot

Illustrated notes

Levels and vault maps discovered:
D:1:      heliophobic_arrival_battle_scene, layout_loops_ring

Skill      XL: |  1  2 |
---------------+-------+-----
Fighting       | 4 |  4.2
Axes           | 4 |  4.2
Armour         | |  2.5
Dodging        | |  2.3

Action                   || total
-------------------------++-------
Melee: Hand axe          ||    29
       Headbutt          ||     1
Armor: Animal skin       ||     5
Dodge: Dodged            ||    26
